 Dungeon Crawl Stone Soup version 0.20.0-4-g10b340a (webtiles) character file.

287 Gorglomux the Spear-Bearer (level 6, 0/44 HPs)
             Began as a Merfolk Gladiator on May 27, 2017.
             Was an Initiate of Gozag.
             Slain by Monsterracer's ghost (11 damage)
             ... on level 4 of the Dungeon.
             The game lasted 00:05:41 (2764 turns).

Gorglomux the Spear-Bearer (Merfolk Gladiator)      Turns: 2764, Time: 00:05:42

Health: 0/44       AC:  7    Str: 15    XL:     6   Next: 30%
Magic:  6/6        EV: 14    Int:  8    God:    Gozag
Gold:   488        SH:  0    Dex: 19    Spells: 5/5 levels left

rFire    . . .     SeeInvis .   a - +0 trident
rCold    . . .     Gourm    .   (no shield)
rNeg     . . .     Faith    .   b - +0 leather armour
rPois    .         Spirit   .   c - +0 helmet
rElec    .         Reflect  .   (no cloak)
rCorr    .         Harm     .   I - +2 pair of gloves {Dex+3}
MR       .....                  (no boots)
Stlth    ..........             (no amulet)
Regen    0.2/turn               Y - ring of loudness (curse)
MPRegen  0.1/turn               (no ring)

@: no status effects
A: change form in water, swift swim, stealthy swim
a: Potion Petition, Call Merchant, Bribe Branch, Renounce Religion


You were on level 4 of the Dungeon.
You worshipped Gozag.
Gozag was aware of your devotion.
You were not hungry.

You visited 1 branch of the dungeon, and saw 4 of its levels.

You collected 513 gold pieces.
You paid 25 gold pieces to Gozag.

Inventory:

Hand Weapons
 a - a +0 trident (weapon)
Missiles
 Z - 3 throwing nets (quivered)
Armour
 b - a +0 leather armour (worn)
 c - a +0 helmet (worn)
 I - a +2 pair of gloves of dexterity (worn)
 Q - a +2 pair of gloves
Jewellery
 Y - a cursed ring of loudness (left hand)
Wands
 C - a wand of confusion (27/48)
 O - a wand of clouds (3/9)
Scrolls
 N - a scroll of noise {unknown}
 R - a scroll of random uselessness {unknown}
 S - a scroll of teleportation {unknown}
 T - a scroll of recharging {unknown}
Potions
 J - a potion of might {unknown}
 K - a potion of brilliance {unknown}
 L - 3 potions of curing {unknown}
 M - a potion of heal wounds {unknown}
 P - a potion of magic {unknown}
 U - a potion of agility {unknown}
 V - 2 potions of lignification {unknown}
 W - a potion of resistance {unknown}
Comestibles
 f - 2 bread rations
 z - a meat ration
 X - 3 royal jellies


   Skills:
 - Level 2.1 Fighting
 + Level 9.8 Polearms
 - Level 2.0 Throwing
 - Level 4.0 Dodging


You had 5 spell levels left.
You didn't know any spells.

Dungeon Overview and Level Annotations

Branches:
Dungeon (4/15)
 Temple: D:4-7

Altars:
Gozag

Annotations:
D:4 Monsterracer's ghost, novice HOFi


Message History

Monsterracer's ghost is severely damaged.
Unknown command.
You hit Monsterracer's ghost but do no damage.
Monsterracer's ghost is severely damaged.
Monsterracer's ghost hits you but does no damage.
You hit Monsterracer's ghost but do no damage.
Monsterracer's ghost is severely damaged.
Monsterracer's ghost hits you!
* * * LOW HITPOINT WARNING * * *
You are too injured to fight recklessly!
You are too injured to fight recklessly!
Unknown command.
You hit Monsterracer's ghost but do no damage.
Monsterracer's ghost is severely damaged.
Monsterracer's ghost closely misses you.
You hit Monsterracer's ghost but do no damage.
Monsterracer's ghost is severely damaged.
Monsterracer's ghost hits you!
You die...
Your body crumbles into a pile of gold.

##.#...#
#.#
#....#.#
#.#
#...<#.#
#.#
#....#.#
#.#
##+#.#.#
#.# #.#.#.#
#.# #.#.#.#
#.# #.#.#.#
#.# #.#.#@#
#.#
#...W.###.#
###.......#
#########


You could see Monsterracer's ghost.

Vanquished Creatures
  The ghost of Gorglomux the Vexing, an amateur BaEn (D:3)
  An orc priest (D:3)
  An orc wizard (D:2)
  Terence (D:3)
  2 adders (D:2)
  3 oozes
  4 worms
  2 leopard geckos
  17 orcs
  5 giant cockroaches
  2 hobgoblins (D:2)
  A jackal (D:1)
  2 quokkas (D:3)
  A ball python (D:3)
  5 bats
  2 frilled lizards (D:1)
  9 goblins
  4 kobolds
  5 rats
68 creatures vanquished.

Notes
Turn   | Place    | Note
-------+----------+-------------------------------------------
     0 | D:1      | Gorglomux the Merfolk Gladiator began the quest for the Orb.
     0 | D:1      | Reached XP level 1. HP: 16/16 MP: 1/1
   245 | D:1      | Reached skill level 5 in Polearms
   284 | D:1      | Reached XP level 2. HP: 22/22 MP: 2/2
   733 | D:2      | Reached skill level 6 in Polearms
   733 | D:2      | Reached XP level 3. HP: 24/27 MP: 3/3
   742 | D:2      | Found an opulent altar of Gozag.
   760 | D:2      | Became a worshipper of Gozag Ym Sagoz the Greedy
  1530 | D:3      | Reached XP level 4. HP: 33/33 MP: 4/4
  1545 | D:3      | Reached skill level 7 in Polearms
  1719 | D:3      | Reached skill level 8 in Polearms
  1719 | D:3      | Reached XP level 5. HP: 37/38 MP: 5/5
  1800 | D:3      | Noticed Terence
  1815 | D:3      | Killed Terence
  2059 | D:3      | Noticed Gorglomux's ghost (amateur BaEn)
  2075 | D:3      | Killed Gorglomux's ghost
  2075 | D:3      | Reached skill level 9 in Polearms
  2075 | D:3      | Reached XP level 6. HP: 44/44 MP: 6/6
  2667 | D:4      | Noticed Monsterracer's ghost (novice HOFi)
  2764 | D:4      | Slain by Monsterracer's ghost

Skill      XL: |  1  2  3  4  5 |
---------------+----------------+-----
Polearms       | 5 6 8 9 |  9.8
Fighting       | |  2.1
Throwing       | |  2.0
Dodging        | |  4.0

Action                   |  1- 3 |  4- 6 || total
-------------------------+-------+-------++-------
Melee: Trident           |    96 |   161 ||   257
Invok: Potion Petition   |       |     1 ||     1
Evoke: Wand              |       |     1 ||     1
 Stab: Sleeping          |     2 |       ||     2
  Eat: Meat ration       |     1 |       ||     1
       Royal jelly       |       |     1 ||     1
Armor: Leather armour    |    13 |    37 ||    50
Dodge: Dodged            |    47 |    99 ||   146
